 Dungeon Crawl Stone Soup version 0.22.0-38-g04b72b8 (console) character file.

341 bli the Skirmisher (level 6, -3/58 HPs)
             Began as a Draconian Wanderer on Aug 29, 2018.
             Slain by an ogre
             ... wielding a +0 giant club
              (8 damage)
             ... on level 4 of the Dungeon.
             The game lasted 00:13:23 (3254 turns).

bli the Skirmisher (Draconian Wanderer)             Turns: 3254, Time: 00:13:23

Health: -3/58      AC:  6    Str: 13 (15) XL:     6   Next: 30%
Magic:  6/6        EV: 12    Int: 10 (13) God:
Gold:   166        SH:  0    Dex: 10 (11) Spells: 5/5 levels left

rFire    . . .     SeeInvis .   a - +2 mace
rCold    . . .     Gourm    .   (no shield)
rNeg     . . .     Faith    .   (armour unavailable)
rPois    .         Spirit   .   (helmet restricted)
rElec    .         Reflect  .   (no cloak)
rCorr    .         Harm     .   (no gloves)
MR       .....                  (no boots)
Stlth    ++........             (no amulet)
HPRegen  0.19/turn              (no ring)
MPRegen  0.10/turn              (no ring)

@: no status effects
A: unfitting armour, cold-blooded, AC +6
a: no special abilities


You were on level 4 of the Dungeon.
You were not hungry.

You visited 1 branch of the dungeon, and saw 4 of its levels.

You collected 166 gold pieces.

Inventory:

Hand Weapons
 a - a +2 mace (weapon)
 b - a +0 hand axe
 u - a +0 war axe
Scrolls
 c - 5 scrolls of teleportation
 e - 4 scrolls of remove curse {unknown}
 g - 3 scrolls of identify {unknown}
 h - a scroll of amnesia {unknown}
 i - a scroll of immolation {unknown}
 m - a scroll of enchant weapon {unknown}
 n - a scroll of blinking {unknown}
 o - a scroll of noise {unknown}
 t - a scroll of fear {unknown}
Potions
 k - a potion of invisibility {unknown}
 p - a potion of might {unknown}
 q - a potion of resistance {unknown}
 r - a potion of cancellation {unknown}
Comestibles
 d - 3 chunks of flesh
 f - 11 rations


   Skills:
 * Level 6.5 Fighting
 + Level 5.1 Maces & Flails
 * Level 2.5 Dodging
 + Level 2.5 Stealth


You had 5 spell levels left.
You didn't know any spells.
Your spell library was empty.

Dungeon Overview and Level Annotations

Branches:
Dungeon (4/15)
 Temple: D:4-7

Altars:
Elyvilon


Innate Abilities, Weirdness & Mutations

Your plain brown scales are hard. (AC +6)
You cannot fit into any form of body armour.
You are cold-blooded and may be slowed by cold attacks.


Message History

You barely miss the ogre.
The ogre is lightly wounded.
The ogre hits you with a giant club.
You sock the ogre!
The ogre is heavily wounded.
The ogre hits you with a giant club!!
* * * LOW HITPOINT WARNING * * *
It was a potion of degeneration.
There was something very wrong with that liquid.
You feel weakened.
You feel dopey.
You feel clumsy. The ogre closely misses you.
You feel better.
You barely miss the ogre.
The ogre is heavily wounded.
The ogre hits you with a giant club!
* * * LOW HITPOINT WARNING * * *
You barely miss the ogre.
The ogre is heavily wounded.
The ogre hits you with a giant club!
You die...

#######.....## #.##..#
#.###.# #.# #.#
##########.# #.#
##......##..# #.#
....<..##.####.####
#..................
#......##.####....#
#......(..# #.##..
#######.@O....### #.####
#.....#.......# #.# #
#............## #.####
#.....######## #.#..(
#.....#### #.....
#........###########.##.#
#.[...##............).#.#
#.....#########...##).(..
#.....# #..####.##.#
#.....# ###.## #.##(#
#.....# ###...# #(##)#


You could see an ogre.

Vanquished Creatures
  A hound (D:4)
  2 orc priests (D:4)
  An iguana (D:4)
  A worker ant (D:4)
  Robin (D:4)
  3 gnolls (D:4)
  4 adders
  An adder skeleton (D:4)
  3 worms
  A dart slug (D:3)
  7 leopard geckos
  4 orcs
  A ball python (D:2)
  2 giant cockroaches
  19 goblins
  7 hobgoblins
  17 jackals
  A quokka (D:4)
  6 bats
  3 frilled lizards
  7 kobolds
  A leopard gecko skeleton (D:4)
  9 rats
102 creatures vanquished.

Notes
Turn   | Place    | Note
-------+----------+-------------------------------------------
     0 | D:1      | bli the Draconian Wanderer began the quest for the Orb.
     0 | D:1      | bli set off with: a +2 mace, a +0 hand axe, a scroll of teleportation, a +0 dagger, a ration
     0 | D:1      | Reached XP level 1. HP: 23/23 MP: 1/1
   144 | D:1      | Reached XP level 2. HP: 27/30 MP: 2/2
   234 | D:1      | Reached skill level 6 in Fighting
   591 | D:2      | Reached XP level 3. HP: 37/37 MP: 3/3
  1010 | D:2      | Reached skill level 1 in Dodging
  1178 | D:2      | Reached XP level 4. HP: 33/44 MP: 4/4
  1965 | D:3      | Found a white marble altar of Elyvilon.
  2142 | D:4      | Reached XP level 5. HP: 29/50 MP: 5/5
  2772 | D:4      | Noticed an ogre
  2887 | D:4      | Reached skill level 5 in Maces & Flails
  2887 | D:4      | Reached XP level 6. HP: 57/58 MP: 6/6
  2923 | D:4      | Noticed Robin
  2940 | D:4      | Killed Robin
  3254 | D:4      | Slain by an ogre

Skill      XL: |  1  2  3  4  5 |
---------------+----------------+-----
Fighting       | 6 |  6.5
Dodging        | 1 2 |  2.5
Stealth        | 2 |  2.5
Maces & Flails | 4 5 |  5.1

Action                   |  1- 3 |  4- 6 || total
-------------------------+-------+-------++-------
Melee: Mace              |   152 |   173 ||   325
       Tailslap          |     7 |    18 ||    25
  Use: Potion            |       |     3 ||     3
 Stab: Sleeping          |     2 |     6 ||     8
  Eat: Chunk             |     1 |     7 ||     8
Armor: Skin              |    45 |    50 ||    95
Dodge: Dodged            |    94 |   141 ||   235
